AoeStats
← C8ilu

MegaRandom

507964655Analyzed
4v4 RM · 12d ago on Sep 20, 2026· 49m 3s· 8 players
Game mode
Random Map
Map size
Large (8 player)
Population
200
Speed
Normal
Resources
Standard
Victory
Conquest
Starting age
Dark Age
Ending age
Imperial Age
RankedLock teamsTeams togetherTeam positionsShared explorationLock speedFull tech treeHidden civsTurbo modeCheats
Victory
Defeat
🇹🇷 Koreans · Türkiye
972
+16
🇫🇷 Cumans · France
965
+17
🇨🇭 Spanish · Switzerland
961
+17
🇪🇸 Teutons · Spain
950
+17
🇬🇧 Chinese · United Kingdom
1022
-18
🇷🇴 Britons · Romania
1000
-54
🇹🇼 Byzantines · Taiwan
971
-16
🇹🇷 Sicilians · Türkiye
932
-15
Donald Trump
5:32 Loom
11:23 Feudal Age
12:03 Horse Collar
12:10 Double-Bit Axe
21:59 Castle Age
23:11 Fletching
23:22 Padded Archer Armor
25:20 Bow Saw
26:09 Bodkin Arrow
26:30 Leather Archer Armor
30:27 Wheelbarrow
31:01 Ballistics
31:15 Thumb Ring
31:12 Elite Skirmisher
33:38 Hand Cart
33:09 Town Watch
36:35 Imperial Age
37:01 Steppe Husbandry
37:43 Hand Cart
37:28 Town Patrol
38:30 Parthian Tactics
38:26 Heavy Cavalry Archer
40:55 Ring Archer Armor
Declan
0:39 Loom
12:44 Feudal Age
13:29 Double-Bit Axe
13:28 Horse Collar
14:39 Wheelbarrow
21:07 Castle Age
20:42 Stone Mining
20:43 Gold Mining
21:22 Fishing Lines
29:19 Imperial Age
27:10 Hand Cart
27:48 Scale Mail Armor
27:58 Forging
30:36 Crenellations
32:43 Squires
32:29 Arson
32:53 Elite Teutonic Knight
34:08 Heavy Plow
34:34 Conscription
34:54 Gillnets
36:27 Iron Casting
36:07 Chain Mail Armor
35:44 Fletching
38:12 Chemistry
38:19 Blast Furnace
38:19 Crop Rotation
38:05 Bow Saw
38:39 Plate Mail Armor
39:46 Bodkin Arrow
41:40 Ballistics
41:39 Medium Warships
44:28 Heavy Warships
43:24 Demolition Ship
Devastator TT
11:49 Feudal Age
18:38 Castle Age
17:51 Horse Collar
18:00 Double-Bit Axe
24:01 Heavy Plow
24:34 Bow Saw
31:54 Imperial Age
30:29 Wheelbarrow
30:11 Scale Mail Armor
30:30 Forging
30:29 Pikeman
31:10 Squires
31:31 Chain Mail Armor
31:19 Caravan
31:31 Loom
31:45 Stone Mining
31:49 Gold Mining
31:56 Arson
32:25 Halberdier
33:49 Iron Casting
33:44 Plate Mail Armor
33:32 Hand Cart
38:51 Blast Furnace
38:25 Ballistics
39:06 Chemistry
38:34 Town Watch
39:08 Masonry
38:57 Murder Holes
39:25 Elite Conquistador
40:06 Inquisition
40:32 Supremacy
42:14 Conscription
42:11 Cavalier
42:51 Husbandry
43:04 Bloodlines
43:59 Paladin
Cherokee
11:24 Loom
14:28 Feudal Age
16:09 Double-Bit Axe
16:07 Horse Collar
22:49 Castle Age
24:23 Bow Saw
24:16 Heavy Plow
27:01 Fletching
27:55 Bodkin Arrow
29:12 Ballistics
39:32 Imperial Age
37:39 Wheelbarrow
39:11 Hand Cart
39:40 Elite War Wagon
40:49 Conscription
40:45 Bracer
41:05 Thumb Ring
42:33 Chemistry
42:08 Husbandry
43:29 Two-Man Saw
48:40 Siege Engineers
C8ilu
3:06 Loom
19:49 Feudal Age
21:08 Wheelbarrow
22:19 Stone Mining
22:22 Gold Mining
23:00 Double-Bit Axe
24:54 Town Watch
28:11 Horse Collar
32:33 Castle Age
37:05 Hand Cart
fifox58
0:50 Loom
13:48 Feudal Age
15:12 Wheelbarrow
18:43 Castle Age
17:05 Double-Bit Axe
17:34 Stone Mining
17:27 Horse Collar
19:55 Bow Saw
20:53 Hand Cart
24:03 Gold Mining
24:50 Stone Shaft Mining
25:28 Gold Shaft Mining
27:58 Heavy Plow
32:06 Imperial Age
33:07 Shipwright
33:09 Ballistics
32:59 Clinker Construction
33:00 Careening
33:15 Conscription
34:21 Two-Man Saw
33:45 Fletching
33:55 Padded Archer Armor
34:44 Bodkin Arrow
35:32 Leather Archer Armor
35:39 Thumb Ring
38:12 Bracer
38:42 Ring Archer Armor
39:16 Dry Dock
41:10 Elite Chu Ko Nu
44:34 Rocketry
sonsehzadee
4:36 Loom
15:23 Feudal Age
18:35 Gold Mining
18:42 Horse Collar
22:42 Castle Age
21:37 Stone Mining
21:41 Double-Bit Axe
23:34 Wheelbarrow
27:27 Wheelbarrow
27:33 Gold Shaft Mining
27:34 Stone Shaft Mining
30:49 Hand Cart
34:17 Imperial Age
32:24 Man-at-Arms
32:50 Gambesons
33:06 Squires
34:03 Long Swordsman
34:56 Two-Handed Swordsman
35:22 Arson
37:31 Scale Mail Armor
37:42 Forging
37:55 Champion
37:59 Capped Ram
39:14 Heavy Plow
39:52 Siege Ram
41:01 Chain Mail Armor
41:22 Iron Casting
41:10 Conscription
41:31 Crop Rotation
41:16 Bow Saw
MessiahOVO
5:50 Loom
12:04 Feudal Age
12:39 Double-Bit Axe
12:35 Horse Collar
20:00 Castle Age
18:48 Fletching
18:59 Scale Mail Armor
21:11 Bodkin Arrow
21:44 Bow Saw
20:58 Pikeman
24:06 Heavy Plow
25:46 Ballistics
31:24 Imperial Age
30:06 Chain Mail Armor
30:34 Forging
30:28 Squires
30:14 Gambesons
30:15 Arson
31:49 Wheelbarrow
30:48 Elite Skirmisher
31:12 Treadmill Crane
31:28 Murder Holes
33:21 Chemistry
33:04 Conscription
33:15 Halberdier
34:37 Plate Mail Armor
35:14 Thumb Ring
35:15 Bracer
35:51 Iron Casting
37:07 Padded Archer Armor
38:08 Leather Archer Armor
38:44 Hand Cart
40:29 Ring Archer Armor
41:13 Bombard Tower
41:04 Fortified Wall
44:56 Scale Barding Armor
46:03 Hoardings
Connection lost

Rejoining the realm…

Still unreachable

The connection could not be restored.

Session expired

The server has moved on; the page needs a fresh start.